 Dungeon Crawl Stone Soup version 0.31-a0-234-gad7ace16ef (webtiles) character file.

Game seed: 17556992772486178813

242 qw the Shooter (level 5, -4/46 HPs)
             Began as a Minotaur Hexslinger on July 9, 2023.
             Was an Initiate of Okawaru.
             Slain by a black bear (6 damage)
             ... on level 4 of the Dungeon.
             The game lasted 00:01:13 (3388 turns).

qw the Shooter (Minotaur Hexslinger)                Turns: 3388, Time: 00:01:13

Health: -4/46      AC:  5    Str: 18    XL:     5   Next: 82%
Magic:  5/5        EV: 11    Int: 10    God:    Okawaru [......]
Gold:   199        SH:  0    Dex: 15    Spells: 5/6 levels left

rFire   . . .        Y - +2 sling
rCold   . . .        (no shield)
rNeg    . . .        c - +0 ring mail
rPois   .            (helmet restricted)
rElec   .            (no cloak)
rCorr   .            (no gloves)
SInv    .            (no boots)
Will    .....        (no amulet)
Stlth   +            j - +6 ring of strength
HPRegen 0.27/turn    (no ring)
MPRegen 0.09/turn

%: no passive effects
@: about to teleport
A: horns 2, retaliatory headbutt
a: Renounce Religion


You were on level 4 of the Dungeon.
You worshipped Okawaru.
Okawaru was noncommittal.
You visited 2 branches of the dungeon, and saw 6 of its levels.

You collected 199 gold pieces.


Innate Abilities, Weirdness & Mutations

You have a pair of horns on your head.
You reflexively headbutt those who attack you in melee.


   Skills:
 - Level 3.7 Fighting
 + Level 5.2 Ranged Weapons
 - Level 2.6 Armour
 - Level 2.1 Dodging
 - Level 1.0 Spellcasting
 - Level 2.0 Hexes


You had 5 spell levels left.
You knew the following spells:

 Your Spells              Type           Power      Damage    Failure   Level
a - Slow                  Hex            16%        N/A       26%         1

Your spell library contained the following spells:

 Spells                   Type           Power      Damage    Failure   Level
 Inner Flame              Hex/Fire       2%         N/A       75%         3
 Portal Projectile        Hex/Tloc       4%         N/A       75%         3
 Cause Fear               Hex            2%         N/A       95%         4

Inventory:

Hand Weapons
 Y - a +2 sling (weapon)
Armour
 c - a +0 ring mail (worn)
Jewellery
 j - a +6 ring of strength (left hand)
Scrolls
 b - a scroll of identify
Potions
 a - a potion of invisibility {unknown}
 e - a potion of enlightenment {unknown}
 g - 2 potions of curing
 i - a potion of might {unknown}
 k - a potion of degeneration {unknown}
 l - a potion of brilliance {unknown}

Dungeon Overview and Level Annotations

Branches:
Dungeon (5/15)             Temple (1/1) D:4

Altars:
Cheibriados
Elyvilon
Kikubaaqudgha
Makhleb
Nemelex Xobeh
Okawaru
Qazlal
Ru
Uskayaw
Vehumet
Wu Jian
Xom
Yredelemnul
Zin
The Shining One


Message History

The black bear barely misses you.
The black bear claws you but does no damage.
You shoot a sling bullet.
The sling bullet hits the black bear but does no damage.
The black bear is heavily wounded.
The black bear closely misses you. The black bear claws you.
The black bear closely misses you.
The black bear bites you but does no damage.
The black bear closely misses you.
The black bear claws you but does no damage.
You shoot a sling bullet. The sling bullet hits the black bear.
The black bear is heavily wounded.
The black bear bites you. The black bear barely misses you.
The black bear closely misses you.
You shoot a sling bullet. The sling bullet hits the black bear.
The black bear is severely wounded.
The black bear goes berserk!
You shoot a sling bullet.
The sling bullet barely misses the black bear.
The black bear bites you but does no damage.
The black bear completely misses you. The black bear claws you.
The black bear bites you. The black bear claws you.
The black bear barely misses you.
You shoot a sling bullet. The sling bullet hits the black bear.
The black bear is severely wounded.
The black bear closely misses you. You furiously retaliate!
You headbutt the black bear.
The black bear claws you but does no damage.
The black bear closely misses you. x2; The black bear claws you. x2
You shoot a sling bullet.
The sling bullet closely misses the black bear.
The black bear bites you!
The black bear claws you but does no damage.
The black bear claws you.
3388 ||| READING scroll of teleportation.
As you read the scroll of teleportation, it crumbles to dust.
You feel strangely unstable.
The black bear bites you but does no damage.
The black bear claws you.
You die...

..###......#######
.................#
###....###'#####.#
.......#.....# #.#
.......#.###.###.#
.......+.#>#.'.#.#
.......#.#'#.#...#
.......#.....###.#
.......###'###.h@#######
...........#.###.......#
..........##.###.#####.#
############>#.........#
.######### #.#.#.#######
.........# #.#.#.#
.........# #.#.#.#
.........# #.#.#.#
....######
#.#.#.##########


You could see a black bear (berserk).

Vanquished Creatures
  2 scorpions (D:4)
  4 adders
  2 worms (D:4)
  2 dart slugs
  An orc (D:3)
  6 endoplasms
  8 giant cockroaches
  9 goblins
  8 hobgoblins
  2 jackals (D:1)
  5 ball pythons
  6 bats
  2 frilled lizards (D:1)
  11 kobolds
  3 rats
71 creatures vanquished.

Notes
Turn   | Place    | Note
-------+----------+-------------------------------------------
     0 | D:1      | qw the Minotaur Hexslinger began the quest for the Orb.
     0 | D:1      | Reached XP level 1. HP: 16/16 MP: 1/1
     0 | D:1      | 0 ||| qw: Version: 0.3-a-51-g015441d
     0 | D:1      | 0 ||| qw: Game counter: 4199
     0 | D:1      | 0 ||| qw: Melee chars always use a shield: true
     0 | D:1      | 0 ||| qw: God list: Okawaru
     0 | D:1      | 0 ||| qw: Allow faded altars: false
     0 | D:1      | 0 ||| qw: Do Orc after clearing Dungeon:15 true
     0 | D:1      | 0 ||| qw: Do second Lair branch before Depths: true
     0 | D:1      | 0 ||| qw: Lair rune preference: random
     0 | D:1      | 0 ||| qw: Goals: Normal
     0 | D:1      | 0 ||| PLANNING D:1-11
    68 | D:1      | Reached skill level 3 in Ranged Weapons
    68 | D:1      | Reached XP level 2. HP: 23/23 MP: 2/2
   130 | D:1      | 130 ||| UPGRADING to +0 leather armour.
   141 | D:1      | 141 ||| DROPPING +0 robe.
   332 | D:1      | Reached XP level 3. HP: 29/29 MP: 3/3
   542 | D:1      | 542 ||| READING scroll labelled KOSTAU ZORGH.
   543 | D:1      | 543 ||| READING scroll labelled MEOSEOHACK.
   597 | D:1      | 597 ||| DROPPING scroll of poison.
   848 | D:2      | Reached skill level 4 in Ranged Weapons
   848 | D:2      | 848 ||| FLEEEEING.
   849 | D:2      | 849 ||| FLEEEEING.
   850 | D:2      | 850 ||| FLEEEEING.
   851 | D:2      | 851 ||| FLEEEEING.
   852 | D:2      | 852 ||| FLEEEEING.
   853 | D:2      | 853 ||| FLEEEEING.
   854 | D:2      | 854 ||| FLEEEEING.
   855 | D:2      | 855 ||| FLEEEEING.
   856 | D:2      | 856 ||| FLEEEEING.
   857 | D:2      | 857 ||| FLEEEEING.
   859 | D:2      | 859 ||| FLEEEEING.
   860 | D:2      | 860 ||| FLEEEEING.
   861 | D:2      | 861 ||| FLEEEEING.
   862 | D:2      | 862 ||| FLEEEEING.
  1449 | D:2      | 1449 ||| UPGRADING to +0 ring mail.
  1459 | D:2      | 1459 ||| DROPPING +0 leather armour.
  1460 | D:2      | 1460 ||| UPGRADING to +6 ring of strength.
  1461 | D:2      | 1461 ||| READING scroll labelled DUSSAB UPEREA.
  1462 | D:2      | 1462 ||| READING scroll labelled MATEMPESSEH.
  1463 | D:2      | 1463 ||| READING scroll labelled POBLONG SEPT.
  1464 | D:2      | 1464 ||| READING scroll labelled COICWO YWNOEM.
  1465 | D:2      | 1465 ||| READING scroll labelled HIFYOT RY NYD.
  1550 | D:3      | Reached XP level 4. HP: 36/36 MP: 4/4
  1768 | D:3      | Found a sacrificial altar of Ru.
  1821 | D:3      | Found a glowing silver altar of Zin.
  2134 | D:3      | Found a radiant altar of Vehumet.
  2370 | D:3      | Reached skill level 5 in Ranged Weapons
  2606 | D:4      | Noticed a scorpion
  2617 | D:4      | HP: 9/36 [scorpion (3)]
  2617 | D:4      | Killed a scorpion
  2618 | D:4      | Reached skill level 3 in Fighting
  2618 | D:4      | Reached XP level 5. HP: 12/46 MP: 5/5
  2770 | D:4      | Found a staircase to the Ecumenical Temple.
  2771 | D:4      | 2771 ||| PLANNING TEMPLE
  2771 | D:4      | 2771 ||| DRINKING 2 bubbling red potions.
  2782 | Temple   | Entered the Ecumenical Temple
  2787 | Temple   | 2787 ||| PLANNING OKAWARU WORSHIP
  2830 | Temple   | Became a worshipper of Warmaster Okawaru
  2831 | Temple   | 2831 ||| PLANNING D:1-11
  3001 | D:4      | Found a glowing golden altar of the Shining One.
  3349 | D:4      | 3349 ||| READING scroll labelled AJYCZY VAWEUNG.
  3350 | D:4      | 3350 ||| READING scroll labelled SENKEN ALO.
  3375 | D:5      | Entered Level 5 of the Dungeon
  3375 | D:5      | Noticed a black bear
  3378 | D:5      | 3378 ||| STAIRDANCE
  3387 | D:4      | HP: 3/46 [black bear (11)]
  3388 | D:4      | 3388 ||| READING scroll of teleportation.
  3388 | D:4      | Slain by a black bear

Levels and vault maps discovered:
D:1:      minmay_arrival_plants_in_alcoves, layout_rooms, serial_bayou,
          serial_bayou_lake_a, serial_bayou_pond_a, serial_bayou_pond_d,
          serial_bayou_crossing, serial_bayou_pond_b, serial_bayou_ford_a,
          due_unseen_surprise
D:2:      layout_loops_corners, minmay_hedge_maze
D:3:      layout_basic, zin_scriptorium, old_standard_altar, vehumet_crystals
D:4:      layout_basic, tso_metal_star, minmay_temple_entry_glassed_door
D:5:      layout_basic, nicolae_ashenzari_skybound, lemuel_round_altar,
          minmay_strange_pillars, uniq_edmund
Temple:   hellmonk_temple_of_storms

Skill      XL: |  1  2  3  4  5 |
---------------+----------------+-----
Ranged Weapons | 3 4 5 |  5.2
Fighting       | 2 3 |  3.7
Armour         | 2 |  2.6
Dodging        | |  2.1
Spellcasting   | |  1.0
Hexes          | |  2.0

Action                     |  1- 3 |  4- 6 || total
---------------------------+-------+-------++-------
   Fire: Sling             |   131 |   129 ||   260
    Use: Scroll            |     7 |     3 ||    10
         Potion            |       |     1 ||     1
 Armour: Robe              |     3 |       ||     3
         Leather armour    |    15 |       ||    15
         Ring mail         |     9 |    31 ||    40
  Dodge: Dodged            |    44 |    48 ||    92

Table legend:
 A = Non-vault XP
 B = Vault XP
 C = Vault XP percentage of total XP
 D = Non-vault monster count
 E = Vault monster count
 F = Vault count percentage of total count
                 A         B        C        D         E       F
            +---------+---------+-------+---------+---------+-------
      Total |     343 |       4 |   1.2 |      68 |       3 |   4.2
            +---------+---------+-------+---------+---------+-------
        D:1 |      38 |       4 |   9.5 |      22 |       3 |  12.0
        D:2 |      38 |       0 |   0.0 |      14 |       0 |   0.0
        D:3 |      66 |       0 |   0.0 |      19 |       0 |   0.0
        D:4 |     201 |       0 |   0.0 |      13 |       0 |   0.0
            +---------+---------+-------+---------+---------+-------
